 Dungeon Sprint DCSS version 0.17-a0-1646-geb1493d (webtiles) character file.

1029 Kidiri the Covert (level 8, -7/36 HPs)
             Began as a Spriggan Enchanter on Aug 10, 2015.
             Mangled by a tentacle (19 damage)
             ... attached to a kraken
             ... in the Dungeon (Sprint II: "The Violet Keep of Menkaure").
             The game lasted 00:10:11 (1219 turns).

Kidiri the Covert (Spriggan Enchanter)              Turns: 1219, Time: 00:10:11

Health: -7/36      AC:  3    Str:  4    XL:     8   Next: 3%
Magic:  28/32      EV: 28    Int: 17    God:
Gold:   307        SH:  0    Dex: 18    Spells: 5 memorised, 15 levels left

rFire  . . .     SeeInvis +     a - +1 dagger
rCold  . . .     Clarity  .     b - +1 robe
rNeg   . . .     SustAt   .     (shield restricted)
rPois  +         Gourm    .     (helmet restricted)
rElec  .         Spirit   .     (no cloak)
rCorr  .         Warding  .     (gloves unavailable)
rMut   +         NoTele   +     (boots unavailable)
MR     +....                    e - amulet "Jynaa" {rMut rPois MP+9}
Stlth  ++++++....               (no ring)
                                (no ring)

@: very quick, somewhat resistant to hostile enchantments, very stealthy
A: unfitting armour, see invisible, herbivore 3, speed 3, slow metabolism 2
a: no special abilities


You were in the Dungeon.
You were not hungry.

You visited 1 branch You collected 972 gold pieces.
You spent 665 gold pieces at shops.

Inventory:

Hand weapons
 a - a +1 dagger (weapon)
Armour
 b - a +1 robe (worn)
Jewellery
 e - the amulet "Jynaa" (around neck) {rMut rPois MP+9}
   (You bought it in a shop in the Dungeon)

   [amulet of resist mutation]

   It protects you from mutation.
   It protects you from poison.
   It affects your magic capacity (+9).
Scrolls
 j - a scroll of blinking
Potions
 f - a potion of heal wounds
 g - a potion of haste
 h - 2 potions of magic
 i - 2 potions of berserk rage
Books
 c - a book of Maledictions

   Spells                             Type                      Level
   a - Corona                         Hexes                        1
   b - Ensorcelled Hibernation        Hexes/Ice                    2
   c - Confuse                        Hexes                        3
   d - Tukima's Dance                 Hexes                        3
   e - Dazzling Spray                 Conjuration/Hexes            3
Comestibles
 d - a bread ration


   Skills:
 + Level 6.4 Short Blades
 * Level 11.8 Dodging
 * Level 13.1 Stealth
 * Level 10.1 Spellcasting
 + Level 2.3 Conjurations
 + Level 7.7 Hexes
 + Level 4.2 Ice Magic


You had 15 spell levels left.
You knew the following spells:

 Your Spells              Type           Power        Failure   Level  Hunger
a - Corona                Hex            #####..      1%          1    None
b - Ensorcelled Hibernat  Hex/Ice        ####..       1%          2    None
c - Confuse               Hex            #####...     1%          3    None
d - Tukima's Dance        Hex            #####...     1%          3    None
e - Dazzling Spray        Conj/Hex       ####....     3%          3    None


Dungeon Overview and Level Annotations

Branches:
Dungeon (1/1)

Altars:
Kikubaaqudgha
Makhleb
Nemelex Xobeh
Qazlal
Sif Muna
Xom
Yredelemnul
The Shining One
Beogh
Jiyva

Shops:
D [(:=?}[![*:=}=%!

Annotations:
D exclusion: oklob plant


Innate Abilities, Weirdness & Mutations

You are tiny and cannot use many weapons and most armour.
You have supernaturally acute eyesight.
You are a herbivore.
You cover ground extremely quickly.
You need consume almost no food.


Message History

Really walk into a travel-excluded area?
You close the door.
The tentacle is engulfed in a cloud of scalding steam.
The kraken is engulfed in a cloud of scalding steam.
Casting: Ensorcelled Hibernation
Confirm with . or Enter, or press ? or * to list all spells.
Aiming: Ensorcelled Hibernation
Press: ? - help, Shift-Dir - straight line, f/p - kraken
Aim: a kraken (water, lightly wounded, chance to defeat MR: 23%)
The kraken is unaffected.
Tentacles burst out of the water!
The tentacle closely misses you.
The tentacle is engulfed in a cloud of scalding steam.
The tentacle slaps you!!
Ouch! That really hurt!
The tentacle segment is engulfed in a cloud of scalding steam.
The tentacle completely misses you. x2
The tentacle slaps you but does no damage.
The tentacle slaps you!!
Ouch! That really hurt!
You die...

#≈## ≈§§≈≈ ###≈≈#+++#+++##
##≈≈≈.........#
.#≈≈≈≈X##+##..#
.#≈≈≈≈##.#.##.####
.#≈≈≈≈#.###.#....#
.#≈≈####.#.####..##
.#≈##.###'###.##..#
∩#≈#.).##.##...#@.# # #
.+≈+.#.'.<.'###+ww### .##.#
∩#≈#...##.##...#.**.###...##
##≈##.###'###.##.**...≈≈≈≈≈≈
##≈≈####.#.####≈≈.**..≈#+###
##≈≈≈#..#..#≈≈≈≈≈{{*w≈#_._.
#+#≈###.###≈≈§≈≈§{wX≈#._._ §
#.#≈≈##'##≈≈≈§≈§≈≈§≈≈#_._. §
####≈≈≈≈≈≈≈≈≈≈≈§≈≈≈§≈#._._


You could see a kraken and 4 tentacles.

Vanquished Creatures
  A siren (D)
  2 boulder beetles (D)
  2 hippogriffs (D)
  A crocodile (D)
  4 worker ants (D)
  A hell rat (D)
11 creatures vanquished.

Vanquished Creatures (others)
  21 tentacles (D)
  328 tentacle segments (D)
349 creatures vanquished.

Grand Total: 360 creatures vanquished

Notes
Turn   | Place    | Note
--------------------------------------------------------------
     0 | D        | Kidiri the Spriggan Enchanter began the quest for the Orb.
     0 | D        | Reached XP level 1. HP: 9/9 MP: 5/5
     1 | D        | Noticed a hippogriff
     1 | D        | Noticed a hippogriff
     4 | D        | Noticed a siren
     8 | D        | Noticed a boulder beetle
     8 | D        | Noticed a boulder beetle
    11 | D        | Noticed a worker ant
    11 | D        | Noticed a worker ant
    11 | D        | Noticed a worker ant
    11 | D        | Noticed a worker ant
    14 | D        | Killed a worker ant
    14 | D        | Reached skill level 5 in Dodging
    14 | D        | Reached skill level 6 in Stealth
    14 | D        | Reached XP level 2. HP: 13/13 MP: 6/8
    37 | D        | Killed a worker ant
    37 | D        | Reached skill level 7 in Stealth
    37 | D        | Reached XP level 3. HP: 13/16 MP: 8/10
    65 | D        | Learned a level 2 spell: Ensorcelled Hibernation
    69 | D        | Learned a level 3 spell: Confuse
    73 | D        | Learned a level 3 spell: Tukima's Dance
   268 | D        | Killed a worker ant
   268 | D        | Reached skill level 5 in Spellcasting
   268 | D        | Reached XP level 4. HP: 21/21 MP: 9/12
   271 | D        | Killed a worker ant
   271 | D        | Reached skill level 8 in Stealth
   271 | D        | Reached skill level 5 in Hexes
   271 | D        | Reached skill level 1 in Ice Magic
   284 | D        | Killed a hippogriff
   284 | D        | Reached skill level 10 in Stealth
   284 | D        | Reached XP level 5. HP: 24/24 MP: 8/15
   294 | D        | Killed a hippogriff
   294 | D        | Reached skill level 5 in Short Blades
   294 | D        | Reached skill level 11 in Stealth
   294 | D        | Reached XP level 6. HP: 28/28 MP: 7/18
   307 | D        | Learned a level 3 spell: Dazzling Spray
   411 | D        | Killed a boulder beetle
   411 | D        | Reached skill level 10 in Dodging
   436 | D        | Killed a boulder beetle
   436 | D        | Reached skill level 12 in Stealth
   436 | D        | Reached skill level 1 in Conjurations
   436 | D        | Reached XP level 7. HP: 27/32 MP: 10/20
   503 | D        | Killed a siren
   503 | D        | Reached skill level 10 in Spellcasting
   525 | D        | Noticed an orange crystal statue
   527 | D        | Noticed a kraken
   528 | D        | Found Roytih's Food Boutique.
   530 | D        | Noticed a crocodile
   536 | D        | Killed a crocodile
   536 | D        | Reached skill level 13 in Stealth
   536 | D        | Reached XP level 8. HP: 36/36 MP: 16/23
   615 | D        | Noticed a kraken
   639 | D        | Noticed an obsidian statue
   642 | D        | Found Idwaisas's Distillery.
   643 | D        | Found Ihou's Jewellery Boutique.
   644 | D        | Found Kyuly's Jewellery Shop.
   644 | D        | Found Peula's Gadget Shop.
   645 | D        | Found Dontisex's Assorted Antiques.
   645 | D        | Found Zoist's Book Boutique.
   646 | D        | Noticed a hell rat
   648 | D        | Killed a hell rat
   652 | D        | Found Gunlumn's Distillery.
   654 | D        | Found Pousev's Antique Armour Shop.
   655 | D        | Found Nuopte's Antique Armour Shop.
   655 | D        | Found Unamuan's Gadget Boutique.
   655 | D        | Noticed a slime creature
   658 | D        | Found Unlag's Magic Scroll Shop.
   658 | D        | Found Gits's Jewellery Boutique.
   658 | D        | Noticed a slime creature
   658 | D        | Noticed a slime creature
   658 | D        | Noticed an oklob plant
   659 | D        | Found Pamang's Antique Weapon Shop.
   659 | D        | Found Kepunk's Antique Armour Boutique.
   659 | D        | Found Ubid's Book Shoppe.
   662 | D        | Noticed an unseen horror
   664 | D        | Noticed an unseen horror
   669 | D        | Noticed a wyvern
   671 | D        | Noticed a wyvern
   693 | D        | Bought the amulet "Jynaa" {rMut rPois MP+9} for 665 gold pieces
   919 | D        | Found a glowing golden altar of the Shining One.
   919 | D        | Found a shimmering altar of Xom.
   920 | D        | Found a sparkling altar of Nemelex Xobeh.
   920 | D        | Found a roughly hewn altar of Beogh.
   921 | D        | Found a stormy altar of Qazlal.
   921 | D        | Found a viscous altar of Jiyva.
   921 | D        | Found an ancient bone altar of Kikubaaqudgha.
   922 | D        | Found a basalt altar of Yredelemnul.
   922 | D        | Found a deep blue altar of Sif Muna.
   922 | D        | Found a burning altar of Makhleb.
  1219 | D        | Mangled by a tentacle

Vault maps used:
D:        the_violet_keep_of_menkaure

Action                   |  1- 3 |  4- 6 |  7- 9 || total
-------------------------+-------+-------+-------++-------
Melee: Dagger            |    16 |     9 |     5 ||    30
 Cast: Corona            |     1 |       |       ||     1
       Ensorcelled Hiber |     1 |     6 |     7 ||    14
       Confuse           |       |     1 |     4 ||     5
       Dazzling Spray    |       |     1 |     7 ||     8
  Use: Potion            |     1 |       |       ||     1
 Stab: Sleeping          |     2 |     5 |     4 ||    11
       Invisible         |       |     1 |     1 ||     2
